 Dungeon Crawl Stone Soup version 0.20-a0-372-gb9ad934 (webtiles) character file.

175 AlphabetPasta the Vexing (level 5, -4/35 HPs)
             Began as a Vampire Enchanter on Dec 27, 2016.
             Slain by a crocodile (9 damage)
             ... in a sewer.
             The game lasted 00:15:53 (2363 turns).

AlphabetPasta the Vexing (Vampire Enchanter)        Turns: 2363, Time: 00:15:53

Health: -4/35      AC:  6    Str:  7    XL:     5   Next: 29%
Magic:  1/9        EV: 13    Int: 18    God:
Gold:   177        SH:  0    Dex: 18    Spells: 0/9 levels left

rFire  . . .     SeeInvis +     a - +1 dagger
rCold  + + .     Gourm    .     b - +1 robe
rNeg   + + +     Faith    .     (no shield)
rPois  ∞         Spirit   .     (no helmet)
rElec  .         Reflect  .     (no cloak)
rCorr  .         Harm     .     m - +2 pair of gloves {Dex+3}
MR     .....                    (no boots)
Stlth  +++++.....               (no amulet)
                                (no ring)
                                (no ring)

@: about to teleport, bloodless, non-regenerating
A: fangs 3, see invisible, unbreathing
a: Bat Form


You were in a sewer.
You were bloodless.

You visited 1 branch of the dungeon, and saw 4 of its levels.
You also visited: Sewer.

You collected 177 gold pieces.

Inventory:

Hand Weapons
 a - a +1 dagger (weapon)
 k - a +0 blowgun
Missiles
 l - 6 curare-tipped needles
Armour
 b - a +1 robe (worn)
 g - a +1 pair of gloves
 m - a +2 pair of gloves of dexterity (worn)
Jewellery
 n - an uncursed ring of poison resistance {unknown}
Scrolls
 j - a scroll of teleportation
Potions
 d - 20 potions of blood
 f - a potion of cure mutation {unknown}
 h - 2 potions of curing
 i - a potion of flight {unknown}
 o - a potion of mutation {unknown}
Books
 c - a book of Maledictions

   Spells                             Type                      Level
   a - Corona                         Hexes                        1
   b - Ensorcelled Hibernation        Hexes/Ice                    2
   c - Confuse                        Hexes                        3
   d - Tukima's Dance                 Hexes                        3
   e - Dazzling Spray                 Conjuration/Hexes            3


   Skills:
 * Level 3.2 Short Blades
 + Level 2.5 Dodging
 + Level 5.5 Stealth
 + Level 2.6 Spellcasting
 * Level 5.7 Hexes
 - Level 1.1 Ice Magic


You couldn't memorise any spells.
You knew the following spells:

 Your Spells              Type           Power        Failure   Level  Hunger
a - Corona                Hex            ###....      1%          1    #......
b - Ensorcelled Hibernat  Hex/Ice        ##....       8%          2    ##.....
c - Confuse               Hex            ###.....     6%          3    ###....
d - Dazzling Spray        Conj/Hex       ##....       17%         3    ###....


Dungeon Overview and Level Annotations

Branches:
Dungeon (4/15)
 Temple: D:4-7

Altars:
Yredelemnul
The Shining One


Innate Abilities, Weirdness & Mutations

You do not heal naturally.
You are immune to poison.
You have razor-sharp teeth.
You have supernaturally acute eyesight. (SInv)
You can survive without breathing.


Message History

Confirm with . or Enter, or press ? or * to list all spells.
Aiming: Confuse
Press: ? - help, Shift-Dir - straight line, f/p - crocodile
Aim: a crocodile (chance to defeat MR: 52%)
The crocodile resists with significant effort.
Why would you want to do that?
Casting: Confuse
Confirm with . or Enter, or press ? or * to list all spells.
Aiming: Ensorcelled Hibernation
Press: ? - help, Shift-Dir - straight line, f/p - crocodile
Aim: a crocodile (chance to defeat MR: 45%)
The crocodile looks drowsy...
You don't have enough magic at the moment.
Why would you want to do that?
Okay, then.
As you read the scroll of teleportation, it crumbles to dust.
You feel strangely unstable. The crocodile bites you.
* * * LOW HITPOINT WARNING * * *
The crocodile bites you!
You die...

#.# #.# #.# #.#
####### #.#
##.....## #.#
##...≈...##
#.#######...≈≈≈...##
#..........≈≈≈≈≈.∩.#
#.#######...≈≈≈t@.##
#.# ##...≈...## #t#
##.....## #.###
####### ....##
.....# .....# .....#
.....#


You could see a crocodile.

Vanquished Creatures
  Jessica (D:3)
  Natasha (D:3)
  4 adders
  An ooze (D:1)
  2 worms
  A dart slug (D:1)
  4 leopard geckos
  3 orcs (D:3)
  A ball python (D:1)
  8 giant cockroaches
  2 goblins
  4 hobgoblins
  4 jackals (D:2)
  A quokka (D:3)
  12 bats
  4 frilled lizards
  10 kobolds
  7 rats
70 creatures vanquished.

Notes
Turn   | Place    | Note
-------+----------+-------------------------------------------
     0 | D:1      | AlphabetPasta the Vampire Enchanter began the quest for the Orb.
     0 | D:1      | Reached XP level 1. HP: 13/13 MP: 3/3
   247 | D:1      | Reached XP level 2. HP: 14/19 MP: 3/5
   261 | D:1      | Learned a level 2 spell: Ensorcelled Hibernation
   542 | D:2      | Reached XP level 3. HP: 24/24 MP: 3/6
   547 | D:2      | Learned a level 3 spell: Confuse
   764 | D:2      | Reached skill level 5 in Hexes
  1038 | D:2      | Found a basalt altar of Yredelemnul.
  1085 | D:2      | Reached skill level 1 in Ice Magic
  1350 | D:2      | Reached XP level 4. HP: 30/30 MP: 2/7
  1559 | D:3      | Noticed Natasha
  1563 | D:3      | Killed Natasha
  1563 | D:3      | Reached skill level 5 in Stealth
  1855 | D:3      | Noticed Jessica
  1864 | D:3      | Killed Jessica
  1900 | D:3      | Reached XP level 5. HP: 35/35 MP: 5/8
  1908 | D:3      | Learned a level 3 spell: Dazzling Spray
  1989 | D:3      | Found a glowing golden altar of the Shining One.
  2222 | D:4      | Found a glowing drain.
  2239 | Sewer    | Entered a sewer
  2329 | Sewer    | Noticed a crocodile
  2363 | Sewer    | Slain by a crocodile

Vault maps used:
D:1:      dpeg_arrival_another_circle, minmay_misc_feat_chi, hex_large
D:2:      yredelemnul_altar_generic
D:3:      old_standard_altar, first_bread, serial_bayou_lagoon_a, uniq_natasha,
          uniq_jessica
D:4:      gup_sewer_entry_pipe, roderic_digamma_sauvastika
Sewer:    sewer_big_baddie

Skill      XL: |  1  2  3  4  5 |
---------------+----------------+-----
Short Blades   | 2 3 |  3.2
Hexes          | 5 |  5.7
Ice Magic      | 1 |  1.1
Stealth        | 5 |  5.5
Dodging        | |  2.5
Spellcasting   | |  2.6

Action                   |  1- 3 |  4- 6 || total
-------------------------+-------+-------++-------
Melee: Dagger            |   100 |    52 ||   152
       Bite              |     7 |     3 ||    10
 Cast: Corona            |     6 |     1 ||     7
       Ensorcelled Hiber |    25 |    16 ||    41
       Confuse           |       |     3 ||     3
 Abil: End Transformatio |       |     1 ||     1
       Bat Form          |       |     1 ||     1
  Use: Scroll            |     5 |     5 ||    10
 Stab: Sleeping          |    26 |    23 ||    49
       Confused          |       |     1 ||     1
Armor: Robe              |    17 |    15 ||    32
Dodge: Dodged            |    56 |    37 ||    93
